AoeStats
← maneki_meko

Baltic

510823650Analyzed
2v2 RM · 7h ago on Oct 2, 2026· 61m 3s· 4 players
Game mode
Random Map
Map size
Medium (4 player)
Population
200
Speed
Normal
Resources
Standard
Victory
Conquest
Starting age
Dark Age
Ending age
Imperial Age
RankedLock teamsTeams togetherTeam positionsShared explorationLock speedFull tech treeHidden civsTurbo modeCheats
Victory
Defeat
🇫🇷 Britons · France
845
+13
🇫🇷 Franks · France
713
+17
🇨🇦 Slavs · Canada
764
-38
🇺🇦 Saxons · Ukraine
764
-38
ravlyik
11:24 Feudal Age
12:43 Double-Bit Axe
13:33 Horse Collar
16:34 Scale Mail Armor
21:35 Castle Age
20:20 Man-at-Arms
23:24 Forging
23:31 Chain Mail Armor
30:08 Squires
29:55 Gambesons
29:34 Pikeman
29:38 Long Swordsman
32:34 Iron Casting
31:52 Fletching
32:03 Padded Archer Armor
32:57 Bow Saw
32:58 Heavy Plow
33:49 Elite Skirmisher
36:46 Bodkin Arrow
37:08 Leather Archer Armor
37:01 Scale Barding Armor
37:38 Thumb Ring
40:16 Imperial Age
38:08 Gold Mining
38:31 Stone Mining
39:28 Gold Shaft Mining
41:34 Halberdier
46:52 Medium Warships
47:31 Hoardings
50:14 Medium Warships
49:48 Shield Wall
52:19 Murder Holes
52:46 Ballistics
52:40 Masonry
57:54 Elite Hearth Troop
maneki_meko
4:11 Loom
11:38 Feudal Age
14:36 Double-Bit Axe
16:13 Double-Bit Axe
20:17 Castle Age
19:41 Man-at-Arms
20:34 Bloodlines
23:48 Horse Collar
29:57 Wheelbarrow
32:24 Fletching
32:35 Padded Archer Armor
32:22 Elite Skirmisher
35:29 Detinets
36:02 Bow Saw
36:00 Heavy Plow
39:58 Imperial Age
41:14 Bodkin Arrow
Niqor2642
11:20 Feudal Age
17:25 Castle Age
15:43 Double-Bit Axe
16:03 Horse Collar
17:18 Fletching
17:41 Padded Archer Armor
17:53 Stone Mining
17:48 Crossbowman
24:20 Loom
25:36 Wheelbarrow
26:01 Gold Mining
26:25 Bow Saw
26:59 Heavy Plow
28:41 Gold Shaft Mining
29:49 Ballistics
30:01 Hand Cart
34:54 Imperial Age
34:47 Leather Archer Armor
34:28 Bodkin Arrow
34:53 Masonry
35:40 Elite Longbowman
37:54 Caravan
38:39 Bracer
39:09 Ring Archer Armor
39:50 Hoardings
40:33 Chemistry
42:51 Arrowslits
42:46 Treadmill Crane
43:37 Architecture
44:21 Two-Man Saw
44:18 Town Watch
45:08 Architecture
45:09 Yeomen
45:10 Conscription
49:25 Town Patrol
49:53 Warwolf
49:24 Sappers
50:30 Guilds
50:50 Coinage
55:43 Banking
55:49 Husbandry
55:10 Light Cavalry
55:19 Arbalester
55:20 Cranequins
55:20 Heavy Mounted Crossbowman
55:23 Elite Skirmisher
56:19 Forging
56:09 Scale Mail Armor
56:15 Scale Barding Armor
56:10 Capped Ram
56:11 Onager
57:36 Iron Casting
56:30 Cavalier
61:32 Heated Shot
61:48 Siege Engineers
61:38 Murder Holes
Paul Dubois
11:50 Feudal Age
15:56 Double-Bit Axe
20:18 Castle Age
20:22 Forging
22:02 Medium Warships
24:02 Iron Casting
22:50 Man-at-Arms
23:16 Gambesons
25:46 Long Swordsman
28:28 Town Watch
30:48 Scale Mail Armor
31:29 Caravan
32:11 Ballistics
33:34 Scale Barding Armor
34:59 Guard Tower
45:14 Imperial Age
44:23 Chain Barding Armor
44:19 Chain Mail Armor
47:10 Heavy Warships
49:03 Chemistry
49:21 Capped Ram
56:09 Elite Throwing Axeman
Connection lost

Rejoining the realm…

Still unreachable

The connection could not be restored.

Session expired

The server has moved on; the page needs a fresh start.